 Dungeon Crawl Stone Soup version 0.31-a0-844-gdc52ec4e09 (webtiles) character file.

Game seed: 2139407454301547016

1062 senseless the Ruffian (level 8, -1/61 HPs)
             Began as a Black Draconian Shapeshifter on Sept 28, 2023.
             Was a Follower of Hepliaklqana.
             Killed from afar by Pikel (12 damage)
             ... with a puff of flame
             ... on level 6 of the Dungeon.
             The game lasted 00:11:31 (3773 turns).

senseless the Ruffian (DrSh)                        Turns: 3773, Time: 00:11:32

Health: -1/61      AC:  6    Str: 16    XL:     8   Next: 6%
Magic:  8/8        EV: 14    Int: 18    God:    Hepliaklqana [*.....]
Gold:   250        SH:  0    Dex: 20    Spells: 7/7 levels left

rFire   . . .        n - +3 war axe (elec)
rCold   . . .        (no shield)
rNeg    . . .        (body armour unavailable)
rPois   .            (helmet currently unavailable)
rElec   +            (cloak currently unavailable)
rCorr   +            (gloves currently unavailable)
SInv    .            (boots currently unavailable)
Will    +....        (no amulet)
Stlth   ++           r - +6 ring of intelligence
HPRegen 0.30/turn    e - ring of Ywoatz {Drain Fly Will+ rCorr Dex+8}
MPRegen 0.11/turn

%: no passive effects
@: beast-form, flying
A: beast (slay +2), reduced essence, breathe lightning, AC +6, unfitting armour,
electricity resistance, cold-blooded
a: Breathe Lightning, Begin Untransformation, Renounce Religion, Recall
Ancestor, Ancestor Identity


You were on level 6 of the Dungeon.
You worshipped Hepliaklqana.
Hepliaklqana was aware of your devotion.
You were a hulking beast.
You visited 1 branch of the dungeon, and saw 6 of its levels.
You also visited: Sewer.

You collected 328 gold pieces.
You spent 78 gold pieces at shops.

Inventory:

Hand Weapons
 f - a +2 dagger of venom
 h - a +4 dagger of venom
 n - a +3 war axe of electrocution (weapon)
Missiles
 z - a curare-tipped dart
Armour
 m - a +0 hat
 p - a +0 pair of gloves
 w - a +0 pair of boots
Jewellery
 e - the ring of Ywoatz (right hand) {Drain Fly Will+ rCorr Dex+8}
   (You acquired it on level 5 of the Dungeon)

   [ring of willpower]

   Dex+8:     It affects your dexterity (+8).
   Will+:     It increases your willpower.
   Fly:       It grants you flight.
   rCorr:     It protects you from acid and corrosion.
   Drain:     It drains your maximum health when unequipped.
 r - a +6 ring of intelligence (left hand)
 y - a +6 ring of intelligence
Talismans
 b - a beast talisman (active)
 c - a flux talisman
Wands
 q - a wand of polymorph (13)
 u - a wand of paralysis (3) (quivered)
Scrolls
 g - a scroll of fog
 i - a scroll of enchant weapon
 t - a scroll of teleportation
Potions
 a - a potion of lignification
 d - a potion of berserk rage
 j - 3 potions of haste
 k - a potion of brilliance
 l - 2 potions of invisibility {unknown}
 o - a potion of resistance
 s - 3 potions of curing
 x - 2 potions of enlightenment


   Skills:
 + Level 5.1 Fighting
 + Level 4.5 Dodging
 + Level 5.6 Unarmed Combat
 + Level 5.2 Shapeshifting


You had 7 spell levels left.
You didn't know any spells.
Your spell library contained the following spells:

 Spells                   Type           Power      Damage    Failure   Level
 Apportation              Tloc           0%         N/A       22%         1
 Necrotise                Necr           0%         1d4       22%         1
 Summon Small Mammal      Summ           0%         N/A       22%         1
 Ignite Poison            Fire/Tmut/Pois 0%         N/A       54%         3
 Sticky Flame             Conj/Fire      0%         2d3       91%         4
 Simulacrum               Ice/Necr       0%         N/A       100%        6
 Ozocubu's Refrigeration  Ice            0%         4d7       100%        7
 Ignition                 Fire           0%         3d3       100%        8
 Polar Vortex             Ice            0%         N/A       100%        9


Dungeon Overview and Level Annotations

Branches:
Dungeon (6/15)             Temple (0/1) D:5           Sewer (visited)

Altars:
Hepliaklqana
Okawaru
Trog
Uskayaw
The Shining One

Shops:
D:5 *

Annotations:
D:6 Pikel


Innate Abilities, Weirdness & Mutations

You are a hulking beast.
Your limbs bulge with bestial killing power. (Slay +2)
Your life essence is reduced to manifest your ancestor. (-10% HP)
You can breathe wild blasts of lightning.
Your glossy black scales are hard. (AC +6)
You cannot fit into any form of body armour.
You are resistant to electric shocks. (rElec)
You are cold-blooded and may be slowed by cold attacks.


Message History

Pikel burns Xiuhtonal.
You feel much better.
Xiuhtonal hits Pikel.
The lemure closely misses Xiuhtonal.
Pikel barely misses Xiuhtonal.
Xiuhtonal hits Pikel!
A lemure comes into view.
The lemure hits Xiuhtonal.
Xiuhtonal is destroyed!
Pikel hits you with a +1 whip of flaming.
Pikel burns you.
You barely miss Pikel.
Pikel is heavily wounded.
Pikel zaps a wand.
The puff of flame misses you. The lemure hits you!
* * * LOW HITPOINT WARNING * * *
You barely miss Pikel. You tail-slap Pikel.
Pikel is heavily wounded.
You hit the lemure. You barely miss the lemure.
A water moccasin comes into view.
Pikel barely misses you. The lemure closely misses you.
The lemure hits you but does no damage. The lemure barely misses you.
Pikel completely misses you.
The water moccasin hisses angrily.
You slash Pikel!
Pikel is severely wounded.
You slash the lemure! You barely miss the lemure.
The lemure hits you but does no damage.
Pikel says, "You'll rust in Dis!"
Pikel barely misses you. The lemure misses you. The lemure hits you.
* * * LOW HITPOINT WARNING * * *
You hit Pikel. Your punch misses Pikel.
Pikel is severely wounded.
You hit the lemure. x2; You closely miss the lemure.
Pikel hits you with a +1 whip of flaming.
* * * LOW HITPOINT WARNING * * *
Pikel burns you.
* * * LOW HITPOINT WARNING * * *
The lemure closely misses you. The lemure barely misses you.
The lemure hits you but does no damage. The lemure barely misses you. x2
Pikel zaps a wand.
The puff of flame hits you!
You die...
Pikel says, "See you in Hell!"

#.# #.# #.##########
#<..........
#..).....##
#........# ###
#........####....
#................
...........5h.......
............K55......
.............S.......
...........[#........
......####.....######
#####. ........ #
####..>## #....


You could see Pikel, a water moccasin and 3 lemures.

Vanquished Creatures
  An ice beast (D:6)
  A sky beast (D:6)
  2 black bears (D:5)
  A lemure (D:6)
  2 phantoms
  A kobold brigand (Sewer)
  A scorpion (D:5)
  4 hounds
  Ijyb (D:3)
  Jessica (D:3)
  2 orc wizards (D:2)
  An iguana (D:4)
  A river rat (Sewer)
  4 adders
  A white imp (D:5)
  An ufetubus (D:4)
  4 worms
  A dart slug (D:1)
  9 orcs
  5 endoplasms
  2 giant cockroaches
  7 goblins
  7 hobgoblins
  14 jackals
  6 quokkas
  10 ball pythons
  3 bats
  A frilled lizard (D:2)
  11 kobolds
  6 rats
111 creatures vanquished.

Vanquished Creatures (collateral kills)
  A kobold (Sewer)
  A ball python (D:5)
2 creatures vanquished.

Vanquished Creatures (others)
  An ancestor (D:6)
1 creature vanquished.

Grand Total: 114 creatures vanquished

Notes
Turn   | Place    | Note
-------+----------+-------------------------------------------
     0 | D:1      | senseless the Draconian Shapeshifter began the quest for
                  | the Orb.
     0 | D:1      | Reached XP level 1. HP: 16/16 MP: 1/1
    72 | D:1      | Found a faded altar of an unknown god.
   121 | D:1      | Reached XP level 2. HP: 23/23 MP: 2/2
   704 | D:2      | Reached XP level 3. HP: 12/29 MP: 3/3
  1005 | D:2      | Reached XP level 4. HP: 33/36 MP: 4/4
  1194 | D:2      | Found a glowing golden altar of the Shining One.
  1383 | D:3      | Noticed Jessica
  1390 | D:3      | Killed Jessica
  1391 | D:3      | Reached XP level 5. HP: 22/42 MP: 5/5
  1580 | D:3      | Noticed Ijyb
  1616 | D:3      | Killed Ijyb
  2289 | D:4      | Noticed a phantom
  2296 | D:4      | Killed a phantom
  2297 | D:4      | Reached XP level 6. HP: 45/51 MP: 6/6
  2723 | D:4      | Found a bloodstained altar of Trog.
  2724 | D:4      | Found a hide-covered altar of Uskayaw.
  2725 | D:4      | Found a hazy altar of Hepliaklqana.
  2725 | D:4      | Found an iron altar of Okawaru.
  2728 | D:4      | Became a worshipper of Hepliaklqana the Forgotten
  2751 | D:5      | Entered Level 5 of the Dungeon
  2771 | D:5      | Identified a scroll of acquirement
  2771 | D:5      | Acquired the ring of Ywoatz {Drain Fly Will+ rCorr Dex+8}
  2880 | D:5      | Found a staircase to the Ecumenical Temple.
  2905 | D:5      | Your scales start taking on a glossy black colour.
  2905 | D:5      | Reached XP level 7. HP: 39/59 MP: 7/7
  2905 | D:5      | Gained mutation: You are resistant to electric shocks.
                  | (rElec) [Black Draconian growth]
  3088 | D:5      | Reached skill level 5 in Unarmed Combat
  3153 | D:5      | Reached * piety under Hepliaklqana
  3161 | D:5      | Found a glowing drain.
  3180 | Sewer    | Entered a sewer
  3384 | Sewer    | Found a white marble altar of Elyvilon.
  3579 | D:5      | Found Tocisan's Assorted Antiques.
  3584 | D:5      | Bought a scroll labelled JEZ SOHAXKIJEU for 26 gold pieces
  3584 | D:5      | Bought a scroll labelled DASOSU VEOKYM for 26 gold pieces
  3584 | D:5      | Bought a scroll labelled AREMUL QICZESK for 26 gold pieces
  3740 | D:6      | Reached skill level 5 in Shapeshifting
  3754 | D:6      | Reached skill level 5 in Fighting
  3754 | D:6      | Reached XP level 8. HP: 44/61 MP: 8/8
  3759 | D:6      | Noticed Pikel
  3773 | D:6      | Killed from afar by Pikel

Illustrated notes

Levels and vault maps discovered:
D:1:      dpeg_arrival_pits, layout_rooms, hellmonk_ecumenical_altar_run_dry,
          corexii_corridor_pit
D:2:      layout_rooms, basic_altar, st_stairs_8
D:3:      layout_basic, uniq_ijyb, uniq_jessica
D:4:      layout_rooms, mainiacjoe_overflow_alcove_3
D:5:      layout_gridville, minmay_temple_entry_enclosed_plants, serial_shops,
          shop, cheibrodos_sewer_entry_sluice
D:6:      layout_rooms, uniq_eustachio, uniq_pikel

Skill      XL: |  1  2  3  4  5  6  7 |
---------------+----------------------+-----
Dodging        | 2 3 4 |  4.5
Fighting       | 2 3 4 5 |  5.1
Unarmed Combat | 4 5 |  5.6
Shapeshifting  | 4 5 |  5.2

Action                     |  1- 3 |  4- 6 |  7- 9 || total
---------------------------+-------+-------+-------++-------
  Melee: Unarmed           |    35 |    20 |       ||    55
         Tailslap          |    12 |    11 |     7 ||    30
         Punch             |     1 |     3 |     2 ||     6
         Dagger            |    63 |    20 |       ||    83
         War axe           |       |    87 |    47 ||   134
    Use: Scroll            |       |    12 |     3 ||    15
         Potion            |       |       |     1 ||     1
   Stab: Sleeping          |       |     1 |     1 ||     2
         Confused          |       |     1 |       ||     1
 Armour: Skin              |    52 |    85 |    46 ||   183
  Dodge: Dodged            |    53 |    73 |    49 ||   175

Table legend: (Time is in decaauts)
 A = Elapsed time spent in this place.
 B = Non-inter-level travel time spent in this place.
 C = Inter-level travel time spent in this place.
 D = Time resting spent in this place.
 E = Time spent auto-exploring this place.
 F = Levels seen in this place.
 G = Mean time per level.
                   A        B        C        D        E       F      G
               +--------+--------+--------+--------+--------+-----+--------+
         Total |   3831 |   3721 |    110 |      6 |   2901 |   7 |  547.3 |
       Dungeon |   3579 |   3469 |    110 |      6 |   2721 |   6 |  596.5 |
         Sewer |    252 |    252 |      0 |      0 |    180 |   1 |  252.0 |
               +--------+--------+--------+--------+--------+-----+--------+

Top non-repeatable levels by time:
     D:3: 877 daAuts
     D:5: 756 daAuts
     D:2: 738 daAuts
     D:1: 591 daAuts
     D:4: 570 daAuts
   Sewer: 252 daAuts
     D:6: 45 daAuts
